 Dungeon Crawl Stone Soup version 0.22-a0-779-g6f83d72c62 (webtiles) character file.

148339 RedPan the Severer (level 17, -10/160 HPs)
             Began as a Hill Orc Monk on July 19, 2018.
             Was the Champion of Ru.
             Killed from afar by a naga (16 damage)
             ... with an exploding inner flame
             ... hexed by the player character
             ... on level 4 of the Snake Pit.
             The game lasted 01:48:49 (45524 turns).

RedPan the Severer (Hill Orc Monk)                 Turns: 45524, Time: 01:48:50

Health: -10/160    AC: 30    Str: 21    XL:     17   Next: 48%
Magic:  25/25      EV:  6    Int: 16    God:    Ru [******]
Gold:   1192       SH: 21    Dex: 16    Spells: 16/16 levels left

rFire    . . .     SeeInvis .   n - +3 war axe (flame)
rCold    + . .     Gourm    .   N - +0 large shield
rNeg     + + .     Faith    .   f - +2 plate armour "Damnable Contraption" {rElec rC+ rN+}
rPois    .         Spirit   .   s - +3 hat of Pondering {ponderous, MR+ MP+10 Int+5}
rElec    +         Reflect  .   K - +2 cloak
rCorr    .         Harm     .   m - +0 pair of gloves
MR       +++..                  y - +1 pair of boots
Stlth    ..........             E - amulet of the Immovable Souls {RegenMP rElec Int+3}
HPRegen  0.36/turn              e - ring of protection from magic
MPRegen  0.44/turn              L - ring "Qokauc" {rN+ Dex+3 Stlth+}

@: lethally poisoned (-10 -> -15), exhausted, very slightly contaminated,
drained, invisible, slow
A: dopey 1, low mp 1, no stealth, inability to use devices, hated by all,
inability to train dodging, no air magic, no necromancy magic, no translocations
magic
a: Draw Out Power, Power Leap, Apocalypse, Renounce Religion


You were on level 4 of the Snake Pit.
You worshipped Ru.
Ru was exalted by your worship.
You were not hungry.

You visited 5 branches of the dungeon, and saw 28 of its levels.

You collected 2345 gold pieces.
You spent 1153 gold pieces at shops.

Inventory:

Hand Weapons
 h - a +1 war axe of chopping
 n - a +3 war axe of flaming (weapon)
 O - a +0 broad axe
Missiles
 H - 4 throwing nets (quivered)
Armour
 f - the +2 plate armour "Damnable Contraption" (worn) {rElec rC+ rN+}
   (You found it on level 6 of the Lair of Beasts)

   It protects you from cold.
   It insulates you from electricity.
   It protects you from negative energy.
 m - a +0 pair of gloves (worn)
 s - the +3 hat of Pondering (worn) {ponderous, MR+ MP+10 Int+5}
   (You took it off Gastronok on level 2 of the Lair of Beasts)

   It affects your intelligence (+5).
   It affects your resistance to hostile enchantments.
   It affects your magic capacity (+10).
 y - a +1 pair of boots (worn)
 K - a +2 cloak (worn)
 M - a +1 shield
 N - a +0 large shield (worn)
 P - a +1 plate armour of cold resistance
Jewellery
 e - a ring of protection from magic (left hand)
 t - an uncursed ring of protection from cold
 x - an uncursed ring of resist corrosion
 z - an uncursed amulet of harm {unknown}
 E - the amulet of the Immovable Souls (around neck) {RegenMP rElec Int+3}
   (You bought it in a shop on level 9 of the Dungeon)

   [amulet of magic regeneration]

   It increases your magic regeneration.
   It affects your intelligence (+3).
   It insulates you from electricity.
 L - the ring "Qokauc" (right hand) {rN+ Dex+3 Stlth+}
   (You found it on level 6 of the Lair of Beasts)

   [ring of dexterity]

   It affects your dexterity (+3).
   It protects you from negative energy.
   It makes you more stealthy.
Scrolls
 b - 15 scrolls of identify
 d - 10 scrolls of remove curse
 g - 6 scrolls of magic mapping
 q - a scroll of enchant weapon
 r - 2 scrolls of enchant armour
 v - 2 scrolls of fear
 A - 8 scrolls of amnesia
 G - 2 scrolls of fog
 I - a scroll of silence
Potions
 i - 2 potions of flight
 j - a potion of resistance
 k - 4 potions of brilliance
 u - 2 potions of lignification
 w - 2 potions of curing
 B - 2 potions of cancellation
 F - 2 potions of ambrosia
 J - 3 potions of mutation
Comestibles
 c - 25 rations


   Skills:
 + Level 16.7(16.3) Fighting
 - Level 19.0(18.5) Axes
 + Level 15.7(15.3) Armour
   Level 0.0 Stealth
 + Level 17.6(17.2) Shields


You had 16 spell levels left.
You didn't know any spells.
Your spell library contained the following spells:

 Spells                   Type           Power        Failure   Level  Hunger
 Fireball                 Conj/Fire      #.........   100%        5    ######.
 Apportation              Tloc           #.....       100%        1    ##.....
 Conjure Flame            Conj/Fire      #.......     100%        3    ####...
 Bolt of Magma            Conj/Fire/Erth #.........   100%        5    ######.
 Throw Flame              Conj/Fire      #.....       100%        2    ###....
 Throw Frost              Conj/Ice       #.....       100%        2    ###....
 Mephitic Cloud           Conj/Pois/Air  #.......     100%        3    ####...
 Venom Bolt               Conj/Pois      #.........   100%        5    ######.
 Summon Small Mammal      Summ           #...         100%        1    ##.....
 Animate Dead             Necr           N/A          100%        4    #####..
 Pain                     Necr           #...         100%        1    ##.....
 Animate Skeleton         Necr           N/A          100%        1    ##.....
 Vampiric Draining        Necr           #.........   100%        3    ####...
 Freeze                   Ice            #...         100%        1    ##.....
 Sticky Flame             Conj/Fire      #.......     100%        4    #####..
 Summon Ice Beast         Ice/Summ       #.......     100%        4    #####..
 Ozocubu's Armour         Chrm/Ice       #.......     100%        3    ####...
 Regeneration             Chrm/Necr      #.........   100%        3    ####...
 Iron Shot                Conj/Erth      #.........   100%        6    #######
 Spider Form              Tmut/Pois      #.........   100%        3    ####...
 Blade Hands              Tmut           #.........   100%        5    ######.
 Ice Form                 Ice/Tmut       #.......     100%        4    #####..
 Deflect Missiles         Chrm/Air       #.........   100%        6    #######
 Throw Icicle             Conj/Ice       #.......     100%        4    #####..
 Confusing Touch          Hex            #.....       100%        1    ##.....
 Flame Tongue             Conj/Fire      #....        100%        1    ##.....
 Passwall                 Tmut/Erth      #.......     100%        2    ###....
 Sticks to Snakes         Tmut           #.......     100%        2    ###....
 Orb of Destruction       Conj           #.........   100%        7    #######
 Inner Flame              Hex/Fire       #.......     100%        3    ####...
 Beastly Appendage        Tmut           #.....       100%        1    ##.....
 Iskenderun's Battlesphe  Conj/Chrm      #.......     100%        5    ######.
 Spellforged Servitor     Conj/Summ      #.........   100%        7    #######


Dungeon Overview and Level Annotations

Branches:
Dungeon (15/15)            Temple (1/1) D:5            Lair (6/6) D:10
 Shoals (0/4) Lair:3        Snake (4/4) Lair:2        Slime (0/5) Lair:6
    Orc (2/2) D:12            Elf (0/3) Orc:2        Vaults (0/5) D:14
 Depths (0/5) D:15

Altars:
Ashenzari
Cheibriados
Dithmenos
Elyvilon
Fedhas
Gozag
Hepliaklqana
Kikubaaqudgha
Makhleb
Nemelex Xobeh
Okawaru
Qazlal
Ru
Sif Muna
Trog
Uskayaw
Vehumet
Wu Jian
Xom
Yredelemnul
Zin
The Shining One
Beogh

Shops:
D:6 %   D:9 *   D:11 }   D:12 (   Orc:1 [   Orc:2 (?([   Snake:3 (
Snake:4 (*[(

Annotations:
Lair:2 1 runed door, Qoideq's ghost, journeyman MfGl
Lair:4 exclusion: 2 oklob plants
Snake:1 exclusion: Roxanne, Roxanne


Innate Abilities, Weirdness & Mutations

You are dopey. (Int -2)
Your magical capacity is low. (-10% MP)
You cannot be stealthy.
You cannot study or use magical devices.
You are hated by all.
You cannot train Dodging skill.
You cannot study or cast Air magic.
You cannot study or cast Necromancy magic.
You cannot study or cast Translocations magic.


Message History

You hit the naga warrior. You burn the naga warrior.
The naga warrior is severely wounded.
You hit the naga. You burn the naga. You hit the anaconda but do no damage.
The helpless salamander fails to defend itself.
You slice the salamander!!
The salamander explodes!
The fiery explosion engulfs the naga mage.
The naga mage is severely wounded.
The fiery explosion engulfs the anaconda.
The anaconda is almost dead.
The fiery explosion engulfs the naga warrior.
The naga warrior explodes!
The fiery explosion engulfs the naga mage.
The naga mage explodes!
The fiery explosion engulfs you!
* * * LOW HITPOINT WARNING * * *
The fiery explosion engulfs the naga.
The naga explodes!
The fiery explosion engulfs you!
You die...

.....#
##..N....##.
......
##.....##...
......
###.###....
......
#......N.
......
#.%...#
......
###...#
......
##§..N.#
......
##§§§...#
......
#§§§@)..#
......
#§§§S..##
....
#.§§...## ..
...%...###
#.....#
##..## ###


You could see a nagaraja (inner flame), an anaconda (inner flame) and a naga
(inner flame).

Vanquished Creatures
  Nikola (Snake:3)
  Asterion (Snake:3)
  Kirke (D:15)
  Gastronok (Lair:2)
  2 orc warlords (Orc:2)
  4 nagarajas
  Nessos (D:14)
  Azrael (Orc:2)
  Snorg (D:13)
  Josephine (D:13)
  A fire dragon (D:15)
  Erolcha (Orc:2)
  5 hydras
  12 naga warriors
  A catoblepas (Lair:6)
  16 anacondas
  4 two-headed ogres
  12 death yaks
  3 tengu warriors
  A deep troll shaman (Lair:6)
  4 shock serpents
  10 naga sharpshooters
  4 salamander mystics
  A sea snake (Snake:2)
  2 unseen horrors
  Pikel (D:4)
  5 naga ritualists
  A necromancer (Lair:3)
  3 orc knights
  4 ugly things
  3 mana vipers
  A manticore (D:14)
  A cyclops (D:13)
  2 orc sorcerers (Orc:2)
  10 salamanders
  8 elephants (Lair:6)
  2 merfolk sirens (Lair:3)
  39 black mambas
  6 guardian serpents
  14 naga magi
  7 spiny frogs
  Joseph (D:7)
  A centaur skeleton (D:15)
  2 rime drakes
  3 komodo dragons
  2 efreet
  A hellwing (D:12)
  A polar bear (Lair:2)
  3 merfolk
  3 meliai (D:15)
  Grinder (D:5)
  7 trolls
  8 blink frogs (Lair:5)
  9 hippogriffs
  A meliai zombie (D:12)
  A dream sheep (Lair:4)
  2 shadows
  Sigmund (D:2)
  3 wyverns
  4 wraiths (D:13)
  4 basilisks
  29 yaks
  Eustachio (D:5)
  3 hogs (D:15)
  16 humans (D:14)
  4 fire elementals (Orc:2)
  6 vampire mosquitoes
  2 wargs
  4 hungry ghosts
  Edmund (D:4)
  2 acid dragons
  44 nagas
  2 soldier ants
  17 porcupines
  25 water moccasins
  4 hell hounds (Orc:2)
  4 slaves (D:4)
  A black bear (Lair:6)
  37 orc warriors
  4 sky beasts
  4 ice beasts
  A necrophage (D:10)
  2 phantoms
  30 wolves
  A centaur (D:6)
  3 ogres
  An eye of draining (D:10)
  3 big kobolds
  11 crocodiles
  17 bullfrogs
  6 scorpions
  A wyvern skeleton (D:13)
  A water moccasin skeleton (D:9)
  8 killer bees
  9 wights
  7 howler monkeys
  2 electric eels (Snake:1)
  6 crimson imps
  3 centaur zombies
  33 orc priests
  5 hounds
  Crazy Yiuf (D:3)
  An iron imp (D:12)
  7 jellies
  Terence (D:3)
  Ijyb (D:4)
  3 iguanas
  38 orc wizards
  5 polar bear simulacra (Lair:3)
  12 worker ants
  11 hell rats
  2 yak simulacra (Lair:3)
  3 wolf simulacra (Lair:3)
  A killer bee zombie (D:9)
  A hound zombie (D:8)
  A hound skeleton (D:4)
  A worker ant zombie (D:5)
  Robin (D:2)
  4 gnolls
  23 adders
  A shadow imp (D:9)
  An ufetubus (D:12)
  2 oozes (Lair:6)
  2 adder skeletons
  6 worms
  A dart slug (D:1)
  5 leopard geckos
  110 orcs
  7 ball pythons
  7 bats
  3 giant cockroaches
  11 goblins
  15 hobgoblins
  2 jackals (D:1)
  6 quokkas
  2 frilled lizards
  11 kobolds
  A leopard gecko skeleton (D:4)
  A quokka skeleton (D:6)
  A quokka zombie (D:9)
  10 rats
  A river rat simulacrum (Lair:3)
  3 fungi
  5 plants
947 creatures vanquished.

Vanquished Creatures (others)
  A fire dragon (D:15)
  3 hydras
  A catoblepas (Lair:3)
  A shock serpent (Snake:2)
  2 naga sharpshooters
  An unseen horror (D:14)
  A black mamba (Snake:4)
  A guardian serpent (Snake:3)
  A spiny frog (Lair:6)
  3 komodo dragons
  2 nagas
  A water moccasin (Lair:2)
  An orc warrior (Orc:2)
  A hound (D:9)
  A gnoll (D:9)
  A shadow imp (D:13)
  2 orcs (Orc:2)
  33 fungi
  25 plants
  2 withered plants (Lair:2)
84 creatures vanquished.

Grand Total: 1031 creatures vanquished

Notes
Turn   | Place    | Note
-------+----------+-------------------------------------------
     0 | D:1      | RedPan the Hill Orc Monk began the quest for the Orb.
     0 | D:1      | Reached XP level 1. HP: 19/19 MP: 1/1
   174 | D:1      | Reached XP level 2. HP: 21/26 MP: 2/2
  1085 | D:2      | Reached XP level 3. HP: 30/31 MP: 3/3
  1285 | D:2      | Reached skill level 5 in Axes
  1376 | D:2      | Found a sacrificial altar of Ru.
  1385 | D:2      | Found an ornate altar of the Wu Jian Council.
  1532 | D:2      | Noticed a hand axe
  1532 | D:2      | Noticed a dagger
  1536 | D:2      | Found a hide-covered altar of Uskayaw.
  1879 | D:2      | Found a shadowy altar of Dithmenos.
  2000 | D:2      | Noticed Sigmund
  2009 | D:2      | HP: 1/31 [Sigmund/scythe (14)]
  2049 | D:2      | Killed Sigmund
  2049 | D:2      | Reached skill level 6 in Axes
  2049 | D:2      | Reached XP level 4. HP: 18/39 MP: 4/4
  2049 | D:2      | Reached XP level 5. HP: 21/45 MP: 5/5
  2472 | D:2      | Reached XP level 6. HP: 29/51 MP: 6/6
  2693 | D:2      | Became a worshipper of Ru the Awakened
  2696 | D:2      | Gained mutation: You cannot be stealthy. [Ru sacrifice]
  2707 | D:2      | Noticed Robin
  2722 | D:2      | Killed Robin
  2722 | D:2      | Reached skill level 7 in Axes
  3175 | D:3      | Noticed Terence
  3207 | D:3      | Killed Terence
  3656 | D:3      | Reached skill level 1 in Armour
  4137 | D:3      | Found a runed door.
  4141 | D:3      | Noticed Crazy Yiuf
  4144 | D:3      | Killed Crazy Yiuf
  4290 | D:4      | Reached XP level 7. HP: 49/57 MP: 7/7
  4400 | D:4      | Reached skill level 8 in Axes
  4480 | D:4      | Found an iron altar of Okawaru.
  4896 | D:4      | Found a burning altar of Makhleb.
  4975 | D:4      | Noticed Edmund
  5015 | D:4      | Killed Edmund
  5375 | D:4      | Noticed Pikel
  5401 | D:4      | Killed Pikel
  5401 | D:4      | Reached skill level 5 in Fighting
  5401 | D:4      | Reached skill level 9 in Axes
  5401 | D:4      | Reached XP level 8. HP: 29/70 MP: 8/8
  5660 | D:4      | Noticed Ijyb
  5670 | D:4      | Killed Ijyb
  5670 | D:4      | Reached skill level 5 in Armour
  5677 | D:4      | Gained mutation: You cannot train Dodging skill. [Ru sacrifice]
  5677 | D:4      | Reached * piety under Ru
  5677 | D:4      | Reached ** piety under Ru
  6217 | D:5      | Entered Level 5 of the Dungeon
  6273 | D:5      | Noticed Eustachio
  6380 | D:5      | Reached skill level 10 in Axes
  6391 | D:5      | Killed Eustachio
  6391 | D:5      | Reached XP level 9. HP: 61/78 MP: 9/9
  6727 | D:5      | Noticed Grinder
  6738 | D:5      | Killed Grinder
  6862 | D:5      | Found a staircase to the Ecumenical Temple.
  6866 | Temple   | Entered the Ecumenical Temple
  7366 | D:6      | Found Ushaoneth's Food Boutique.
  7467 | D:6      | Reached skill level 11 in Axes
  8055 | D:6      | You fall through a shaft!
  8154 | D:7      | Gained mutation: You are hated by all. [Ru sacrifice]
  8154 | D:7      | Reached *** piety under Ru
  8597 | D:7      | Noticed Joseph
  8611 | D:7      | Killed Joseph
  8611 | D:7      | Reached XP level 10. HP: 77/91 MP: 10/10
  9143 | D:8      | Noticed a two-headed ogre
  9158 | D:8      | Killed a two-headed ogre
  9158 | D:8      | Reached skill level 12 in Axes
  9395 | D:8      | Noticed a two-headed ogre
  9410 | D:8      | Killed a two-headed ogre
  9410 | D:8      | Reached skill level 10 in Fighting
 10041 | D:9      | Reached skill level 13 in Axes
 10332 | D:9      | Found a hazy altar of Hepliaklqana.
 10560 | D:9      | Reached XP level 11. HP: 77/100 MP: 11/11
 10650 | D:9      | Gained mutation: You are dopey. (Int -2) [Ru sacrifice]
 10650 | D:9      | Reached **** piety under Ru
 10761 | D:9      | Reached skill level 10 in Armour
 10873 | D:9      | Found Osaanos's Assorted Antiques.
 10882 | D:9      | Bought a jewelled ivory wand for 100 gold pieces
 10882 | D:9      | Bought a vibrating garnet amulet for 125 gold pieces
 10882 | D:9      | Bought a smoky brown potion for 22 gold pieces
 10882 | D:9      | Bought a scroll labeled QEDGHI PORPHIM for 25 gold pieces
 10882 | D:9      | Identified the amulet of the Immovable Souls {RegenMP rElec Int+3} (You bought it in a shop on level 9 of the Dungeon)
 11243 | D:10     | Entered Level 10 of the Dungeon
 11544 | D:10     | Found a staircase to the Lair.
 11561 | Lair:1   | Entered Level 1 of the Lair of Beasts
 11715 | D:10     | Reached skill level 14 in Axes
 12477 | D:11     | Found Elim's Gadget Emporium.
 13076 | D:11     | Noticed a green ugly thing
 13095 | D:11     | Killed a green ugly thing
 13878 | Lair:1   | Reached skill level 15 in Axes
 14552 | Lair:2   | Found a staircase to the Snake Pit.
 14574 | Lair:2   | Reached XP level 12. HP: 39/110 MP: 9/12
 14998 | Lair:2   | Found a runed door.
 15005 | Lair:2   | Noticed Qoideq's ghost (journeyman MfGl)
 15390 | Lair:2   | Noticed Gastronok
 15408 | Lair:2   | Killed Gastronok
 15408 | Lair:2   | Reached skill level 16 in Axes
 16084 | Lair:3   | Noticed a death yak
 16087 | Lair:3   | Noticed a death yak
 16088 | Lair:3   | Noticed a death yak
 16103 | Lair:2   | Killed a death yak
 16165 | Lair:2   | Killed a death yak
 16235 | Lair:3   | Killed a death yak
 16737 | Lair:3   | Found a staircase to the Shoals.
 16952 | Lair:3   | Found an iron altar of Okawaru.
 17458 | Lair:3   | Identified the Grimoire of Mutagenic Lightness
 17877 | Lair:3   | Reached skill level 17 in Axes
 17923 | Lair:3   | Noticed a four-headed hydra
 18356 | Lair:3   | Noticed a catoblepas
 18371 | Lair:3   | Killed a catoblepas
 18549 | Lair:3   | Reached XP level 13. HP: 106/119 MP: 13/13
 19660 | D:12     | Gained mutation: Your magical capacity is low. (-10% MP) [Ru sacrifice]
 19950 | D:12     | Found a staircase to the Orcish Mines.
 19992 | D:12     | Found Usialer's Weapon Emporium.
 20322 | Orc:1    | Entered Level 1 of the Orcish Mines
 20351 | Orc:1    | Reached skill level 18 in Axes
 20420 | Orc:1    | Found Gidyrphiede's Antique Armour Emporium.
 20425 | Orc:1    | Bought a glowing cloak for 210 gold pieces
 20425 | Orc:1    | Bought a shield for 126 gold pieces
 20752 | D:12     | Bought a +1 war axe of chopping for 146 gold pieces
 20886 | Orc:2    | Entered Level 2 of the Orcish Mines
 20898 | Orc:1    | Reached skill level 1 in Shields
 21309 | Orc:2    | Found a staircase to the Elven Halls.
 21312 | Orc:2    | Noticed Erolcha
 21328 | Orc:2    | Killed Erolcha
 21896 | Orc:2    | Reached skill level 5 in Shields
 21907 | Orc:2    | Noticed Azrael
 21940 | Orc:2    | HP: 1/122 [Azrael/damnation (26)]
 21949 | Orc:2    | Killed Azrael
 22271 | Orc:2    | Found a roughly hewn altar of Beogh.
 22736 | Orc:2    | Found a roughly hewn altar of Beogh.
 22762 | Orc:2    | Found a roughly hewn altar of Beogh.
 22763 | Orc:2    | Found Vitez's Antique Weapon Shop.
 22797 | Orc:2    | Gained mutation: You cannot study or use magical devices. [Ru sacrifice]
 22797 | Orc:2    | Reached ***** piety under Ru
 22907 | Orc:2    | Noticed an orc warlord
 22948 | Orc:2    | Killed an orc warlord
 23127 | Orc:2    | Found a roughly hewn altar of Beogh.
 23188 | Orc:2    | Found a roughly hewn altar of Beogh.
 23190 | Orc:2    | Found Leezip's Magic Scroll Shoppe.
 23347 | Orc:2    | Bought a scroll of immolation for 52 gold pieces
 23506 | Orc:2    | Found a roughly hewn altar of Beogh.
 23619 | Orc:2    | Noticed an orc warlord
 23676 | Orc:2    | Killed an orc warlord
 23692 | Orc:2    | HP: 4/122 [something/magic dart (8)]
 24222 | Orc:2    | Found Ufri's Antique Armour Shoppe.
 24223 | Orc:2    | Found a roughly hewn altar of Beogh.
 24241 | Orc:2    | Found Fydelir's Antique Weapon Emporium.
 24257 | Orc:2    | Bought a pair of gloves for 130 gold pieces
 24262 | Orc:2    | Bought a glowing helmet for 217 gold pieces
 25619 | Lair:4   | Reached XP level 14. HP: 119/129 MP: 12/12
 25627 | Lair:4   | Reached skill level 10 in Shields
 25873 | Lair:4   | Found a blossoming altar of Fedhas.
 26684 | Lair:5   | Gained mutation: You cannot study or cast Air magic. [Ru sacrifice]
 26684 | Lair:5   | Gained mutation: You cannot study or cast Necromancy magic. [Ru sacrifice]
 26684 | Lair:5   | Gained mutation: You cannot study or cast Translocations magic. [Ru sacrifice]
 26684 | Lair:5   | Reached ****** piety under Ru
 27170 | Lair:5   | Got a spiked buckler
 27181 | Lair:5   | Identified the +0 buckler "Tolotruh" {+Fly SInv} (You found it on level 5 of the Lair of Beasts)
 28060 | Lair:6   | Entered Level 6 of the Lair of Beasts
 28772 | Lair:6   | HP: 6/129 [komodo dragon (21)]
 29128 | Lair:6   | Found a staircase to the Slime Pits.
 29294 | Lair:6   | Got a crude plate armour
 29305 | Lair:6   | Identified the +2 plate armour "Damnable Contraption" {rElec rC+ rN+} (You found it on level 6 of the Lair of Beasts)
 31274 | Lair:6   | Found the +6 arbalest "Damnation" {damnation}
 31290 | Lair:6   | Got a warped iron ring
 31294 | Lair:6   | Identified the ring "Qokauc" {rN+ Dex+3 Stlth+} (You found it on level 6 of the Lair of Beasts)
 31821 | D:13     | Noticed Snorg
 31843 | D:13     | Reached XP level 15. HP: 75/135 MP: 13/13
 31845 | D:13     | Killed Snorg
 31845 | D:13     | Reached skill level 15 in Shields
 32560 | D:13     | Noticed Josephine
 32585 | D:13     | Killed Josephine
 32912 | D:14     | Found a gate to the Vaults.
 32912 | D:14     | Noticed Nessos
 33563 | D:14     | Killed Nessos
 34596 | D:15     | Entered Level 15 of the Dungeon
 34816 | D:15     | Found an opulent altar of Gozag.
 34822 | D:15     | Noticed Kirke
 34848 | D:15     | Killed Kirke
 35659 | D:15     | Found a staircase to the Depths.
 35999 | D:15     | Got a bone war axe
 36000 | D:15     | Identified the +2 war axe of Guit {freeze, Dex+3} (You found it on level 15 of the Dungeon)
 36517 | Snake:1  | Entered Level 1 of the Snake Pit
 36700 | Snake:1  | Noticed Roxanne
 37640 | Snake:1  | Got a pitted chain mail
 37641 | Snake:1  | Identified the +5 chain mail "Hoid" {-Cast rCorr Dex+2 Stlth+} (You found it on level 1 of the Snake Pit)
 37802 | Snake:1  | Reached XP level 16. HP: 139/147 MP: 14/14
 37870 | Snake:1  | Reached skill level 19 in Axes
 38452 | Snake:2  | Noticed a nagaraja
 38472 | Snake:2  | Killed a nagaraja
 39112 | Snake:2  | Noticed a nagaraja
 39121 | Snake:2  | Killed a nagaraja
 39357 | Snake:2  | Noticed a nagaraja
 39378 | Snake:2  | Killed a nagaraja
 39378 | Snake:2  | Reached skill level 15 in Fighting
 39549 | Snake:2  | Found a runed gate.
 39549 | Snake:2  | Found a runed gate.
 39549 | Snake:2  | Found a runed gate.
 40054 | Snake:3  | Noticed a nagaraja
 40073 | Snake:3  | Killed a nagaraja
 40650 | Snake:3  | Found Ykutsog's Antique Weapon Boutique.
 41371 | Snake:4  | Entered Level 4 of the Snake Pit
 41371 | Snake:4  | Noticed Asterion
 41411 | Snake:3  | Killed Asterion
 41767 | Snake:4  | Noticed Nikola
 41780 | Snake:3  | Killed Nikola
 41780 | Snake:3  | Reached skill level 15 in Armour
 42056 | Snake:4  | Reached XP level 17. HP: 150/158 MP: 15/15
 43757 | Snake:3  | HP: 7/159 [naga warrior/splash of poison (3)]
 45387 | Snake:4  | Found Negutagy's Antique Weapon Emporium.
 45387 | Snake:4  | Found Eliklim's Weapon Shoppe.
 45387 | Snake:4  | Found Fuowe's General Store.
 45387 | Snake:4  | Found Cumyob's Antique Armour Emporium.
 45524 | Snake:4  | HP: 6/160 [naga warrior/exploding inner flame[the player character] (7)]
 45524 | Snake:4  | Killed from afar by a naga

Vault maps used:
D:1:      co_arrival_random_square_maze, minmay_hexomino_f4
D:2:      nicolae_overflow_crystal_walls, dancing_weapons_uskayaw,
          old_standard_altar, nicolae_ru_great_annihilating_truth, first_ration,
          uniq_sigmund, uniq_robin
D:3:      uniq_crazy_yiuf_cottage, uniq_terence
D:4:      lemuel_crystal_altar, kennysheep_little_box, uniq_ijyb, uniq_edmund,
          uniq_pikel
D:5:      temple_hall_moat, uniq_eustachio, uniq_grinder
D:6:      serial_shops, shop, grunt_decor_clamped
D:7:      uniq_joseph
D:9:      old_standard_altar, serial_shops, nicolae_shop_statue_plus
D:10:     lair_entry_dummy
D:11:     serial_shops, shop_coins, hangedman_fish_farm
D:12:     kennysheep_demon_hangout, david_orc_3, serial_shops,
          nicolae_shop_competitors_out_of_business
D:13:     serial_corexii_hall, corexii_hall_statues_x, corexii_hall_statues_l,
          corexii_hall_statues_l, corexii_hall_statues_x, uniq_snorg,
          uniq_josephine
D:14:     david_vaults_3, grunt_decor_resistance
D:15:     grunt_enter_depths_hoard, basic_altar, corexii_corridor_pit,
          uniq_kirke
Temple:   regret_index_temple_waves
Lair:1:   beast_lair_carwin_1
Lair:2:   minmay_snake_entry_six_corridors, gammafunk_ghost_grave,
          hibernation_bobbens, uniq_gastronok
Lair:3:   elwin_shoals_entry_stream, basic_altar, eino_house_with_fridge,
          grunt_megastairs_3, infiniplex_staircase_pool
Lair:4:   basic_altar, lemuel_fruit_tree, minmay_lair_oklob_chamber
Lair:5:   lab_entry_generic, serial_bayou_shore_b, lemuel_fruit_fields,
          grunt_megastairs_5, serial_bayou_shore_b
Lair:6:   grunt_lair_end_beastmaster, nicolae_slime_entry_slimehenge
Snake:1:  grunt_megastairs_2, serial_bayou_shore_a, uniq_roxanne
Snake:2:  grunt_ministairs_8, nicolae_snake_horde_hoard
Snake:3:  serial_shops, shop, grunt_megastairs_4
Snake:4:  johnstein_snake_rune_scales, nicolae_snake_double_loop, st_stairs_3,
          grunt_ministairs_9, minmay_shoptagon, uniq_aizul, uniq_nikola,
          uniq_asterion
Orc:1:    serial_shops, nicolae_shop_trees, basic_altar, nicolae_orc_tapped_out
Orc:2:    grunt_orc_community_town_hall, grunt_orc_community_big_house_1,
          grunt_orc_community_big_house_1, grunt_orc_community_house_1,
          grunt_orc_community_house_1, grunt_orc_community_house_2,
          grunt_orc_community_house_1, grunt_orc_community_house_3,
          grunt_orc_community_house_1, uniq_erolcha, uniq_azrael

Skill      XL: |  1  2  3  4  5  6  7  8  9 10 11 12 13 14 15 16 |
---------------+-------------------------------------------------+-----
Stealth        | 2 3 4 0 |  0.0
Axes           | 6 7 9 10 11 13 15 17 18 19 | 19.0
Armour         | 2 4 5 7 9 11 12 13 15 | 15.7
Fighting       | 5 6 9 10 11 12 13 14 16 | 16.7
Dodging        | 0 |  0.0
Shields        | 9 14 15 17 | 17.6

Action                   |  1- 3 |  4- 6 |  7- 9 | 10-12 | 13-15 | 16-18 || total
-------------------------+-------+-------+-------+-------+-------+-------++-------
Melee: Hand axe          |   145 |   194 |   376 |   242 |       |       ||   957
       Battleaxe         |       |       |       |   585 |   190 |       ||   775
       War axe           |       |       |       |       |   444 |   788 ||  1232
       Broad axe         |       |       |       |       |  1262 |       ||  1262
Invok: Sacrifice Stealth |       |     1 |       |       |       |       ||     1
       Sacrifice Nimblen |       |       |     1 |       |       |       ||     1
       Sacrifice Love    |       |       |     1 |       |       |       ||     1
       Power Leap        |       |       |       |     4 |     4 |     2 ||    10
       Sacrifice Purity  |       |       |       |     1 |       |       ||     1
       Reject Sacrifices |       |       |       |     1 |       |       ||     1
       Draw Out Power    |       |       |       |     1 |     6 |     2 ||     9
       Sacrifice Essence |       |       |       |       |     1 |       ||     1
       Sacrifice Artific |       |       |       |       |     1 |       ||     1
       Apocalypse        |       |       |       |       |     2 |     1 ||     3
       Sacrifice Arcana  |       |       |       |       |     1 |       ||     1
  Use: Scroll            |     5 |     4 |     6 |    15 |     9 |     4 ||    43
       Potion            |     4 |     1 |       |     7 |    16 |     9 ||    37
 Stab: Sleeping          |     3 |       |       |       |       |       ||     3
       Distracted        |       |       |     2 |     4 |    12 |     4 ||    22
       Invisible         |       |       |       |    13 |    38 |    21 ||    72
       Paralysed         |       |       |       |       |     6 |    11 ||    17
       Petrified         |       |       |       |       |    23 |       ||    23
       Petrifying        |       |       |       |       |     2 |       ||     2
  Eat: Chunk             |     3 |     8 |    13 |    26 |    30 |     5 ||    85
       Ration            |       |       |       |     2 |    11 |     6 ||    19
Armor: Robe              |    18 |     8 |       |       |       |       ||    26
       Scale mail        |       |    37 |     1 |       |       |       ||    38
       Plate armour      |       |       |   160 |   603 |  1074 |   245 ||  2082
       Chain mail        |       |       |       |       |    66 |       ||    66
       Skin              |       |       |       |       |       |    10 ||    10
Dodge: Dodged            |   109 |    94 |    81 |   253 |   313 |    82 ||   932
Block: Shield            |       |       |       |       |   475 |       ||   475
       Large shield      |       |       |       |       |   495 |   719 ||  1214

Table legend:
 A = Spawn XP
 B = Non-spawn XP
 C = Spawn XP percentage of total XP
 D = Spawn monster count
 E = Non-spawn monster count
 F = Spawn count percentage of total count
 G = Total turns spent on level
                    A         B        C        D         E        F      G
               +---------+---------+-------+---------+---------+-------+---------
         Total |       0 |  211913 |   0.0 |       0 |     955 |   0.0 | 45524
               +---------+---------+-------+---------+---------+-------+---------
           D:1 |       0 |      31 |   0.0 |       0 |      18 |   0.0 |  1077
           D:2 |       0 |     368 |   0.0 |       0 |      36 |   0.0 |  2064
           D:3 |       0 |     187 |   0.0 |       0 |      32 |   0.0 |  1127
           D:4 |       0 |    1256 |   0.0 |       0 |      20 |   0.0 |  2026
           D:5 |       0 |    1059 |   0.0 |       0 |      23 |   0.0 |   653
           D:6 |       0 |     727 |   0.0 |       0 |      16 |   0.0 |   985
           D:7 |       0 |    1269 |   0.0 |       0 |      18 |   0.0 |  1044
           D:8 |       0 |    2721 |   0.0 |       0 |      24 |   0.0 |   751
           D:9 |       0 |    2061 |   0.0 |       0 |      45 |   0.0 |  1393
          D:10 |       0 |    2783 |   0.0 |       0 |      34 |   0.0 |  1522
          D:11 |       0 |    2016 |   0.0 |       0 |      19 |   0.0 |  1194
          D:12 |       0 |    4328 |   0.0 |       0 |      39 |   0.0 |  1175
          D:13 |       0 |    6142 |   0.0 |       0 |      17 |   0.0 |  1772
          D:14 |       0 |   12345 |   0.0 |       0 |      47 |   0.0 |  1087
          D:15 |       0 |   10398 |   0.0 |       0 |      24 |   0.0 |  1770
        Lair:1 |       0 |    2915 |   0.0 |       0 |      19 |   0.0 |  1215
        Lair:2 |       0 |    7739 |   0.0 |       0 |      34 |   0.0 |  2153
        Lair:3 |       0 |    8224 |   0.0 |       0 |      37 |   0.0 |  3004
        Lair:4 |       0 |    5777 |   0.0 |       0 |      29 |   0.0 |  1448
        Lair:5 |       0 |    9133 |   0.0 |       0 |      36 |   0.0 |  2099
        Lair:6 |       0 |   19366 |   0.0 |       0 |      60 |   0.0 |  2934
       Snake:1 |       0 |   15474 |   0.0 |       0 |      35 |   0.0 |  1602
       Snake:2 |       0 |   25753 |   0.0 |       0 |      51 |   0.0 |  2314
       Snake:3 |       0 |   36506 |   0.0 |       0 |      58 |   0.0 |  4519
       Snake:4 |       0 |   18886 |   0.0 |       0 |      43 |   0.0 |   572
         Orc:1 |       0 |    1721 |   0.0 |       0 |      12 |   0.0 |   509
         Orc:2 |       0 |   12728 |   0.0 |       0 |     129 |   0.0 |  3392
               +---------+---------+-------+---------+---------+-------+---------
